[Event "Team 45 45 League T25"]
[Site "Internet Chess Club"]
[Date "2005.01.16"]
[Round "5"]
[White "John"]
[Black "Thersites"]
[Result "0-1"]
[WhiteElo "1643"]
[BlackElo "1650"]
[TimeControl "2700+45"]

1. e4 c5 2. Nc3 e6 3. f4 Nc6 4. Nf3 Nge7 5. Bb5 a6 6. Bxc6 Nxc6 7. d3 Be7 8. Ne2
b5 9. O-O Bb7 10. Qe1 Nb4 11. Qd2 Qb6 12. Kh1 Rc8 13. c3 Nc6 14. Ng3 d5 15. e5
d4 16. Qe2 c4 17. dxc4 bxc4 18. Qxc4 dxc3 19. Qe2 cxb2 20. Bxb2 a5 21. Rfc1 O-O
22. Rab1 Nb4 23. a3 Nd5 24. Rxc8 Rxc8 25. Qd2 Bxa3 26. Ne4 Bb4 27. Bc3 Nxc3 28.
Nxc3 Bxf3 29. gxf3 Bxc3 {White resigns} 0-1

[Event "Team 45 45 League T25"]
[Site "Internet Chess Club"]
[Date "2005.01.16"]
[Round "5"]
[White "MrAnderssen"]
[Black "gamlinginn"]
[Result "1/2-1/2"]
[WhiteElo "1645"]
[BlackElo "1596"]
[TimeControl "2700+45"]

1. e4 c5 2. Nf3 Nc6 3. d4 cxd4 4. Nxd4 e5 5. Nb5 d6 6. N1c3 a6 7. Na3 b5 8. Nd5
Nce7 9. Be3 Nxd5 10. exd5 Nf6 11. c4 bxc4 12. Bxc4 Be7 13. O-O O-O 14. Qd2 Bb7
15. f4 exf4 16. Bxf4 Rb8 17. Nc2 Ba8 18. b3 a5 19. Rfe1 Re8 20. Ne3 Qb6 21. Kh1
Ne4 22. Qc2 Bf6 23. Rac1 Bg5 24. Bd3 Bxf4 25. Bxe4 g6 26. Nc4 Qc5 27. Rcd1 Rbc8
28. h4 Bg3 29. h5 Bxe1 30. hxg6 fxg6 31. Bxg6 hxg6 32. Qxg6+ {Game drawn by
mutual agreement} 1/2-1/2

[Event "Team 45 45 League T25"]
[Site "Internet Chess Club"]
[Date "2005.01.16"]
[Round "5"]
[White "KirkB"]
[Black "dougmo"]
[Result "1-0"]
[WhiteElo "1591"]
[BlackElo "1596"]
[TimeControl "2700+45"]

1. e4 e6 2. d3 d5 3. Qe2 c5 4. Nf3 Nc6 5. g3 d4 6. Bg2 e5 7. O-O Be7 8. h4 Bg4
9. Qd2 Qd7 10. Nh2 Bh3 11. Na3 Bxg2 12. Kxg2 h5 13. Nf3 Nh6 14. Nc4 f6 15. Qd1
Nf7 16. Rh1 O-O-O 17. a4 g5 18. a5 g4 19. Nfd2 Nb4 20. c3 dxc3 21. bxc3 Nxd3 22.
Nb6+ axb6 23. axb6 Qc6 24. Qb3 Nd6 25. Qe6+ Kb8 26. Qxe7 Nxe4 27. Nxe4 Qxe4+ 28.
Kh2 Nxf2 29. Qc7# {Black checkmated} 1-0

[Event "Team 45 45 League T25"]
[Site "Internet Chess Club"]
[Date "2005.01.15"]
[Round "5"]
[White "Two-DogMan"]
[Black "Mississippian"]
[Result "0-1"]
[WhiteElo "1403"]
[BlackElo "1498"]
[TimeControl "2700+45"]

1. e4 d6 2. Nc3 Nf6 3. Be2 g6 4. d3 Bg7 5. Bg5 O-O 6. Qd2 Re8 7. h3 Nbd7 8. h4
c6 9. h5 Qb6 10. Rb1 Ne5 11. hxg6 hxg6 12. Bxf6 exf6 13. f4 Ng4 14. Bxg4 Bxg4
15. Nf3 d5 16. b3 Rad8 17. Qf2 Qb4 18. Qd2 Bxf3 19. gxf3 dxe4 20. Nxe4 Rxe4+ 21.
fxe4 Qc5 22. Qf2 Qa5+ 23. Ke2 Qxa2 24. Kf3 f5 25. e5 Qa5 26. Rhe1 Bf8 27. e6
fxe6 28. Rxe6 Qd5+ 29. Kg3 Qxe6 30. Re1 Qf6 31. Qxa7 Qc3 32. Qf2 Bc5 33. Qe2 Kf7
34. Qe6+ Kf8 35. Re2 Kg7 36. Rg2 Bd6 37. Kh3 Qf6 38. Qe3 Rh8+ 39. Kg3 Rh4 40.
Rf2 Qg5+ 41. Kf3 Qg4# {White checkmated} 0-1

[Event "Team 45 45 League T25"]
[Site "Internet Chess Club"]
[Date "2005.01.14"]
[Round "3"]
[White "mickeys"]
[Black "swingdoc"]
[Result "0-1"]
[WhiteElo "1706"]
[BlackElo "1780"]
[TimeControl "2700+45"]

1. d4 d5 2. c4 Nc6 3. Nc3 Nf6 4. cxd5 Nxd5 5. e4 Nxc3 6. bxc3 e5 7. d5 Nb8 8.
Be3 Nd7 9. Nf3 Bd6 10. c4 O-O 11. Qc2 Nc5 12. Rd1 Qf6 13. Be2 Bd7 14. Rd2 Rfe8
15. O-O Qg6 16. Bd3 b6 17. Rc1 Rac8 18. Ne1 c6 19. Qb1 Nxd3 20. Qxd3 cxd5 21.
Qxd5 Ba3 22. Rb1 Bc6 23. Qd3 Bxe4 24. Qxa3 Bxb1 25. Qb3 Be4 26. f3 Bf5 27. c5
bxc5 28. Qa3 c4 29. Qc3 a6 30. Rb2 Red8 31. Rb6 Rd6 32. Rb4 Qe6 33. Bf2 f6 34.
Ra4 Qd5 35. Rb4 Qd2 36. Rxc4 Qxc3 37. Rxc3 Rxc3 {White resigns} 0-1

[Event "Team 45 45 League T25"]
[Site "Internet Chess Club"]
[Date "2005.01.13"]
[Round "5"]
[White "allanchs"]
[Black "TheBrewer"]
[Result "1-0"]
[WhiteElo "1634"]
[BlackElo "1596"]
[TimeControl "2700+45"]

1. e4 e6 2. d3 d5 3. Nd2 dxe4 4. dxe4 Nc6 5. Ngf3 Bb4 6. Bd3 Nf6 7. O-O O-O 8.
Nc4 b6 9. c3 Be7 10. Qc2 h6 11. h3 Ba6 12. Rd1 Qc8 13. e5 Nd7 14. Bf4 Bb7 15.
Qd2 Nd8 16. Bh7+ Kxh7 17. Qxd7 Bxf3 18. gxf3 Bg5 19. Be3 Qb7 20. Kg2 Nc6 21.
Qd3+ Kg8 22. Qe4 b5 23. Na3 Qa6 24. Rd7 Bxe3 25. Qxe3 Rac8 26. Qc5 f6 27. exf6
Rxf6 28. Qxb5 Qxb5 29. Nxb5 Rcf8 30. Nxc7 Rxf3 31. Rf1 Ne5 32. Nxe6 R8f6 33. Nd4
Rd3 34. Rxa7 Nc6 35. Nxc6 Rxc6 36. a4 Rc4 37. a5 Rh4 38. f3 Rd2+ 39. Rf2 Rxf2+
40. Kxf2 Rxh3 41. b4 Rh2+ 42. Ke3 Ra2 43. a6 h5 44. Rd7 h4 45. Rd4 Ra3 46. Kd3
Rxa6 47. Rxh4 Rf6 48. f4 Rd6+ 49. Kc2 Kf7 50. c4 Kf6 51. c5 Rc6 52. Kc3 Kf5 53.
Rh7 g6 54. Kc4 Kxf4 55. b5 Re6 56. b6 Re8 57. c6 Re4+ 58. Kd5 g5 59. c7 {Black
resigns} 1-0

[Event "Team 45 45 League T25"]
[Site "Internet Chess Club"]
[Date "2005.01.15"]
[Round "5"]
[White "bmw2002"]
[Black "PauloBarbosa"]
[Result "1-0"]
[WhiteElo "1542"]
[BlackElo "1602"]
[TimeControl "2700+45"]

1. c4 Nf6 2. Nc3 e6 3. e4 d5 4. e5 Nfd7 5. cxd5 Nxe5 6. d4 Ng6 7. dxe6 fxe6 8.
Nf3 Be7 9. Bc4 c6 10. Qb3 Qd6 11. Ne4 Qd7 12. O-O O-O 13. Rd1 b5 14. Bd3 Nf4 15.
Bxf4 Rxf4 16. Nc5 Bxc5 17. dxc5 Qe7 18. Qc2 h6 19. Bh7+ Kf8 20. Ne5 Qf6 21. Ng6+
Ke8 22. Nxf4 Qxf4 23. Qg6+ Qf7 24. Rd8+ {Black resigns} 1-0

[Event "Team 45 45 League T25"]
[Site "Internet Chess Club"]
[Date "2005.01.15"]
[Round "5"]
[White "Kaseirovski"]
[Black "SeniorCitizen"]
[Result "1-0"]
[WhiteElo "1545"]
[BlackElo "1420"]
[TimeControl "2700+45"]

1. Nf3 d5 2. g3 Nf6 3. Bg2 e6 4. O-O Be7 5. d3 O-O 6. Nbd2 Nc6 7. e4 dxe4 8.
dxe4 Rb8 9. Re1 e5 10. c3 Bc5 11. h3 b6 12. b4 Bd6 13. a4 a5 14. b5 Ne7 15. Nc4
Ng6 16. Bg5 h6 17. Bxf6 Qxf6 18. Nxd6 Qxd6 19. Qxd6 cxd6 20. Red1 Rd8 21. Nd2
Kf8 22. Nc4 Ke7 23. Ne3 Be6 24. Rd2 Rb7 25. h4 Nf8 26. f4 f6 27. f5 Bf7 28. Bf1
Rc7 29. c4 Nd7 30. Bd3 Nc5 31. Bc2 g6 32. fxg6 Bxg6 33. Nd5+ Ke6 34. Nxc7+ Kd7
35. Nd5 {Black resigns} 1-0

[Event "Team 45 45 League T25"]
[Site "Internet Chess Club"]
[Date "2005.01.17"]
[Round "5"]
[White "tgralex"]
[Black "Rainbird"]
[Result "1/2-1/2"]
[WhiteElo "1709"]
[BlackElo "1617"]
[TimeControl "2700+45"]

1. e4 e5 2. f4 d5 3. exd5 exf4 4. Nf3 Nf6 5. Bb5+ c6 6. dxc6 Nxc6 7. Bxc6+ bxc6
8. O-O Bd6 9. Nc3 O-O 10. h3 Nh5 11. d4 Ng3 12. Re1 Bf5 13. Ne2 Nxe2+ 14. Rxe2
Qf6 15. c3 Rfe8 16. Qe1 Re6 17. Rxe6 Qxe6 18. Qh4 c5 19. Bxf4 cxd4 20. Bxd6 Qxd6
21. Nxd4 Qb6 22. Qf2 Bg6 23. b4 Rc8 24. Qf3 h6 25. Kh1 Qc7 26. Rc1 Qe7 27. a4
Qg5 28. Rd1 Bh5 29. g4 Bg6 30. Nf5 Bxf5 31. gxf5 Qf6 32. Rd3 Kh7 33. a5 Qg5 34.
Kh2 Qf6 35. Rd4 Qe5+ 36. Kg2 Qe1 37. Rd3 Qe5 38. h4 Qf6 39. Kh3 Qe5 40. Kg4 Rc4+
41. Rd4 Rxd4+ 42. cxd4 Qxd4+ 43. Qf4 Qg1+ 44. Qg3 Qd1+ 45. Qf3 Qd4+ 46. Qf4 Qg1+
47. Qg3 Qd4+ {Game drawn by mutual agreement} 1/2-1/2

[Event "Team 45 45 League T25"]
[Site "Internet Chess Club"]
[Date "2005.01.17"]
[Round "5"]
[White "jmc860"]
[Black "BenjaminSisko"]
[Result "1/2-1/2"]
[WhiteElo "1563"]
[BlackElo "1680"]
[TimeControl "2700+45"]

1. e4 e5 2. Nf3 Nc6 3. Bc4 Nf6 4. Ng5 d5 5. exd5 b5 6. dxc6 bxc4 7. Nc3 Be7 8.
Nf3 e4 9. Ng5 Bf5 10. Qe2 Qd4 11. Nb5 Qb6 12. Qxc4 O-O 13. O-O Rad8 14. Nc3 Rd4
15. Qb5 Bg6 16. Qxb6 axb6 17. Re1 h6 18. Nh3 Bd8 19. Nf4 Bh7 20. Nb5 Rc4 21. d3
Rxc6 22. dxe4 Rxc2 23. Nc3 Ng4 24. Re2 Rxe2 25. Nfxe2 c6 26. h3 Ne5 27. Bf4 Nd3
28. b3 Nxf4 29. Nxf4 Bf6 30. Nfe2 Bxe4 31. Rd1 Bf5 32. Nd4 Bg6 33. Nce2 Rd8 34.
f4 Bxd4+ 35. Rxd4 Rxd4 36. Nxd4 Be4 37. Kf2 Kf8 38. g3 Ke7 39. Ke3 Bd5 40. a3 g6
41. b4 Kd6 42. Kd3 Bg2 43. h4 Kd5 44. Nc2 Bf1+ 45. Kd2 Ke4 46. Ne3 Bb5 47. Ng4
h5 48. Nf6+ Kf3 49. Nd7 Kxg3 50. Ne5 Kxf4 51. Nxf7 Kg4 52. Ne5+ Kf5 53. Nf3 Bf1
54. Nd4+ Kg4 55. Nxc6 Kxh4 56. Ke1 Bd3 57. Ne5 Be4 58. a4 Kg5 59. Nc4 b5 60.
axb5 Kf6 61. Kf2 g5 62. Ne3 Ke6 63. b6 Kd7 64. Nc4 Kc6 65. Ke3 Bf5 66. b7 Kxb7
67. Nd6+ Kb6 68. Nxf5 Kb5 69. Ng3 h4 70. Kf3 Kxb4 71. Nh1 Kc5 72. Kg4 Kd4 73.
Kxg5 h3 74. Kg4 h2 75. Kg3 Ke5 76. Kxh2 {Game drawn because neither player has
mating material} 1/2-1/2

[Event "Team 45 45 League T25"]
[Site "Internet Chess Club"]
[Date "2005.01.17"]
[Round "5"]
[White "fibin"]
[Black "KaissaXiaolin"]
[Result "1/2-1/2"]
[WhiteElo "1546"]
[BlackElo "1556"]
[TimeControl "2700+45"]

1. Nf3 d6 2. g3 Bg4 3. Bg2 Nd7 4. h3 Bxf3 5. Bxf3 c6 6. d4 Ngf6 7. Nc3 g6 8. e4
Bg7 9. Be3 O-O 10. Qd2 e6 11. h4 h5 12. Qe2 e5 13. d5 cxd5 14. exd5 e4 15. Bg2
Qa5 16. Bd2 Nxd5 17. Nxe4 Qb6 18. O-O Rae8 19. Qd3 {Game drawn by mutual
agreement} 1/2-1/2

[Event "Team 45 45 League T25"]
[Site "Internet Chess Club"]
[Date "2005.01.22"]
[Round "5"]
[White "jantonio"]
[Black "rabanito"]
[Result "1-0"]
[WhiteElo "1638"]
[BlackElo "1447"]
[TimeControl "2700+45"]

1. Nf3 d5 2. g3 c6 3. Bg2 Nf6 4. O-O Bg4 5. d3 e6 6. Nbd2 Nbd7 7. Qe1 Be7 8. e4
Bxf3 9. Nxf3 dxe4 10. dxe4 Qc7 11. e5 Ng4 12. Bf4 h6 13. h3 g5 14. hxg4 gxf4 15.
gxf4 O-O-O 16. b4 Rdg8 17. Bh3 f5 18. exf6 Bxf6 19. Rd1 Qxf4 20. Qxe6 Rd8 21.
Rxd7 Rxd7 22. Rd1 Rd8 23. g5 Bxg5 24. Rxd7 {Black resigns} 1-0

[Event "Team 45 45 League T25"]
[Site "Internet Chess Club"]
[Date "2005.01.12"]
[Round "5"]
[White "SnoopDoggyDogg"]
[Black "Steinwitz"]
[Result "1-0"]
[WhiteElo "1797"]
[BlackElo "1815"]
[TimeControl "2700+45"]

1. e4 d5 2. exd5 Nf6 3. d4 Nxd5 4. Nf3 e6 5. c4 Nf6 6. Nc3 c5 7. Be3 cxd4 8.
Qxd4 Qxd4 9. Bxd4 Be7 10. Nb5 Na6 11. Be5 Bd7 12. Nd6+ Bxd6 13. Bxd6 Ne4 14. Ba3
Nc7 15. Bd3 Nf6 16. O-O O-O-O 17. Ne5 Be8 18. Rfd1 Nd7 19. Bd6 Nxe5 20. Bxe5 Bc6
21. g3 f6 22. Bc3 Rd7 23. Bc2 h6 24. b4 Rhd8 25. Rxd7 Rxd7 26. Rd1 Rxd1+ 27.
Bxd1 Be4 28. f4 Ne8 29. Kf2 Nd6 30. Bb3 Kc7 31. Ke3 Bg2 32. a4 Kd7 33. Bd4 Nf5+
34. Kd3 Bf1+ 35. Kc3 Nxd4 36. Kxd4 g5 37. c5 Bg2 38. b5 Bf3 39. a5 Bg2 40. b6 a6
41. Ba4+ Bc6 42. Bd1 Bd5 43. fxg5 hxg5 44. h4 gxh4 45. gxh4 Ke7 46. Bh5 f5 47.
Ke5 Bc6 48. Be2 Kf7 49. Bc4 Bd7 50. h5 Kg7 51. Bxe6 Bxe6 52. Kxe6 f4 53. c6 bxc6
54. b7 f3 55. b8=Q f2 56. Qf4 {Black resigns} 1-0

[Event "Team 45 45 League T25"]
[Site "Internet Chess Club"]
[Date "2005.01.17"]
[Round "5"]
[White "mitdale"]
[Black "viking99"]
[Result "1-0"]
[WhiteElo "1680"]
[BlackElo "1765"]
[TimeControl "2700+45"]

1. e4 e6 2. d3 d5 3. Nd2 c5 4. Ngf3 Nf6 5. g3 Be7 6. Bg2 Nc6 7. O-O O-O 8. Re1
d4 9. e5 Nd7 10. Nf1 Qc7 11. Qe2 Nb6 12. h4 Nd5 13. N1h2 Bd7 14. a3 b5 15. Qe4
f5 16. exf6 Nxf6 17. Qe2 Rae8 18. Bf4 Qb6 19. Ng5 Nd8 20. Ng4 h6 21. Nxf6+ Bxf6
22. Ne4 Be7 23. Bh3 Qc6 24. Qg4 Nf7 25. Qh5 c4 26. Bg2 Qc8 27. Rac1 a6 28. Be5
Nxe5 29. Qxe5 Bf6 30. Nxf6+ Rxf6 31. Qxd4 Bc6 32. Bxc6 Qxc6 33. Qe4 Qb6 34. Qe3
Qc7 35. Qe5 Qf7 36. Re2 Rf5 37. Qe4 cxd3 38. cxd3 Rd5 39. Rc6 a5 40. Rxe6 Rxe6
41. Qxe6 Qxe6 42. Rxe6 Rxd3 43. Re2 a4 44. Kf1 Kf7 45. Ke1 Kf6 46. Rd2 Rb3 47.
Rc2 h5 48. Kd1 Kf5 49. Re2 g5 50. hxg5 Kxg5 51. Kc2 Kg4 52. Rd2 Kf3 53. Kc1 Ke4
54. Kd1 Kf3 55. Ke1 Kg2 56. Ke2 b4 57. axb4 Rxb4 58. Kd1 Kf3 59. Kc2 Rb3 60. Kd1
Rb4 61. Ke1 Rb3 62. Kf1 a3 63. Rd4 {Black resigns} 1-0

[Event "Team 45 45 League T25"]
[Site "Internet Chess Club"]
[Date "2005.01.15"]
[Round "5"]
[White "KirkB"]
[Black "Xidnan"]
[Result "1-0"]
[WhiteElo "1573"]
[BlackElo "1489"]
[TimeControl "2700+45"]

1. e4 c5 2. Nf3 Nc6 3. Bb5 d6 4. d4 cxd4 5. Qxd4 Bd7 6. Bxc6 Bxc6 7. Nc3 Nf6 8.
Bg5 e6 9. O-O-O Be7 10. Qd3 O-O 11. Nd4 Rc8 12. f4 Nd7 13. h4 e5 14. Bxe7 Qxe7
15. Nf5 Qf6 16. Qxd6 Qxd6 17. Nxd6 Rcd8 18. Nd5 Bxd5 19. Rxd5 Nf6 20. Rdd1 exf4
21. Rhf1 Ng4 22. Rxf4 Ne3 23. Rd2 Nxg2 24. Rg4 Ne3 25. Rf4 Ng2 26. Rxg2 Rxd6 27.
e5 Rd5 28. Re2 Rfd8 29. c4 Rd4 30. Rxd4 Rxd4 31. Rd2 Rxc4+ 32. Kd1 g6 33. Rd8+
Kg7 34. Rd7 Rb4 35. e6 b6 36. Rxf7+ Kg8 37. Rxa7 Rxh4 38. Ra8+ Kg7 39. e7 Rd4+
40. Kc2 Re4 41. e8=Q Rxe8 42. Rxe8 h5 43. Kd2 Kf6 44. Ke3 {Black resigns} 1-0

[Event "Team 45 45 League T25"]
[Site "Internet Chess Club"]
[Date "2005.01.13"]
[Round "5"]
[White "billarvola"]
[Black "fledermaus"]
[Result "1/2-1/2"]
[WhiteElo "2005"]
[BlackElo "1976"]
[TimeControl "2700+45"]

1. d4 d5 2. c4 e6 3. Nf3 c6 4. Nc3 Nf6 5. e3 Nbd7 6. Qc2 Bd6 7. Be2 dxc4 8. Bxc4
O-O 9. O-O Qe7 10. Rd1 Bb8 11. e4 e5 12. d5 Nb6 13. Bb3 cxd5 14. Nxd5 Nbxd5 15.
Bxd5 h6 16. Bc4 {Game drawn by mutual agreement} 1/2-1/2

[Event "Team 45 45 League T25"]
[Site "Internet Chess Club"]
[Date "2005.01.16"]
[Round "5"]
[White "pork"]
[Black "Whacker"]
[Result "1/2-1/2"]
[WhiteElo "1549"]
[BlackElo "1490"]
[TimeControl "2700+45"]

1. e4 e6 2. d4 d5 3. Nc3 Nf6 4. exd5 Nxd5 5. Nf3 Bb4 6. Bd2 O-O 7. Bd3 Nxc3 8.
bxc3 Be7 9. O-O Nd7 10. Re1 Nf6 11. Rb1 b6 12. c4 Bb7 13. c3 c5 14. Qc2 Bxf3 15.
gxf3 cxd4 16. Be4 Rc8 17. Bd3 Qd7 18. cxd4 Qxd4 19. Bc3 Qh4 20. Bxf6 Bxf6 21.
Re4 Qg5+ 22. Rg4 Qh5 23. Rb5 Qxb5 24. Bxh7+ Kh8 25. cxb5 Rxc2 26. Bxc2 Rc8 27.
Bb3 Rc3 28. Kg2 Rc5 29. Ra4 {Game drawn by mutual agreement} 1/2-1/2

[Event "Team 45 45 League T25"]
[Site "Internet Chess Club"]
[Date "2005.01.17"]
[Round "5"]
[White "bmw2002"]
[Black "vvsi"]
[Result "1-0"]
[WhiteElo "1569"]
[BlackElo "1638"]
[TimeControl "2700+45"]

1. c4 e5 2. g3 Nf6 3. Bg2 d5 4. cxd5 Nxd5 5. Nc3 Ne7 6. e3 Nbc6 7. Nge2 g6 8. d4
exd4 9. exd4 Bg7 10. d5 Ne5 11. O-O O-O 12. Bf4 Nc4 13. Qb3 Nd6 14. Rac1 Rb8 15.
Nb5 Nxb5 16. Qxb5 Bd7 17. Qb3 Rc8 18. Nc3 b6 19. Rfe1 c5 20. Bg5 c4 21. Qd1 f6
22. d6 Nf5 23. Bf4 g5 24. Qd5+ Kh8 25. Bd2 Rc5 26. Qb7 Nxd6 27. Qxa7 Nb5 28.
Nxb5 Bxb5 29. Re7 Rg8 30. Rce1 Qxd2 31. Qxb6 Rcc8 32. Qxb5 Rb8 33. Qxc4 Rxb2 34.
R1e2 Rb1+ 35. Bf1 Qd1 36. R2e4 h6 37. Kg2 f5 38. Re3 Rc1 39. Qe2 Qd5+ 40. Qf3
Qxa2 41. Qxf5 Qb1 42. Bd3 Rg1+ 43. Kh3 g4+ 44. Kxg4 Qd1+ 45. Re2 Qa4+ 46. Be4
Bf6+ 47. Kh3 Rg7 48. Rxg7 Kxg7 49. Qg6+ Kh8 50. Qh7# {Black checkmated} 1-0

[Event "Team 45 45 League T25"]
[Site "Internet Chess Club"]
[Date "2005.01.14"]
[Round "5"]
[White "mrmarck"]
[Black "clarinetref"]
[Result "1/2-1/2"]
[WhiteElo "1416"]
[BlackElo "1384"]
[TimeControl "2700+45"]

1. d4 Nf6 2. c4 e6 3. Bg5 Bb4+ 4. Nc3 h6 5. Bh4 Bxc3+ 6. bxc3 Qe7 7. e3 g5 8.
Bg3 Ne4 9. Ne2 Nxg3 10. Nxg3 b6 11. Be2 Bb7 12. O-O Nc6 13. Rb1 d6 14. e4 Ba6
15. Qa4 Bb7 16. d5 Qd7 17. dxc6 Bxc6 18. Qd1 O-O-O 19. Rb4 Qe7 20. Bf3 e5 21.
Nf5 Qf6 22. Re1 Kb8 23. Ne3 Bb7 24. Nd5 Qg6 25. Bh5 Qe6 26. Qf3 Rdf8 27. Qf6
Bxd5 28. Qxe6 Bxe6 29. a4 a5 30. Rb2 Bxc4 31. Be2 Be6 32. Rd1 f5 33. exf5 Bxf5
34. c4 Bd7 35. c5 Bxa4 36. Ra1 Rf4 37. cxd6 Rc8 38. dxc7+ Kxc7 39. Rc1+ Kd8 40.
Rxc8+ Kxc8 41. Rxb6 Kc7 42. Ra6 Rb4 43. Rxa5 Rb1+ 44. Bf1 Bc6 {Game drawn by
mutual agreement} 1/2-1/2

[Event "Team 45 45 League T25"]
[Site "Internet Chess Club"]
[Date "2005.01.17"]
[Round "5"]
[White "jientho"]
[Black "NineMilly"]
[Result "1-0"]
[WhiteElo "1328"]
[BlackElo "1144"]
[TimeControl "2700+45"]

1. e4 Nf6 2. e5 Nd5 3. c4 Nb6 4. Nc3 d6 5. d4 dxe5 6. dxe5 Qxd1+ 7. Nxd1 Be6 8.
Ne3 Nc6 9. f4 O-O-O 10. Bd2 g6 11. O-O-O Bh6 12. g3 Nd4 13. Bb4 Nc6 14. Bd2 Nd4
15. Bc3 Nf5 16. Nxf5 Bxf5 17. b3 Rxd1+ 18. Kxd1 Rd8+ 19. Kc1 Be4 20. Bh3+ Kb8
21. e6 Bxh1 22. exf7 Bf8 23. Be6 Rd6 24. f5 gxf5 25. Bxf5 Rh6 26. Bd2 Rxh2 27.
Be6 Be4 28. Nh3 Bg6 29. c5 Bxf7 30. Nf4 Rh1+ 31. Kc2 Bxe6 32. Nxe6 Nd7 33. Bf4
b6 34. c6 Rh2+ 35. Kc3 Nc5 36. Nxf8 Rf2 37. Nd7+ Nxd7 38. cxd7 Rf3+ 39. Kd4 e5+
40. Ke4 exf4 41. Kxf3 fxg3 42. Kxg3 c5 43. d8=Q+ Kb7 44. Qd7+ Ka8 45. Qxh7 c4
46. bxc4 b5 47. cxb5 a6 48. bxa6 {Black resigns} 1-0

[Event "Team 45 45 League T25"]
[Site "Internet Chess Club"]
[Date "2005.01.15"]
[Round "5"]
[White "SandiaCaveMan"]
[Black "hotzoddy"]
[Result "1-0"]
[WhiteElo "1261"]
[BlackElo "1233"]
[TimeControl "2700+45"]

1. d4 e6 2. Nf3 d5 3. e3 Ne7 4. Bd3 Nf5 5. Nbd2 Be7 6. e4 dxe4 7. Nxe4 O-O 8. c3
Nc6 9. Qc2 h6 10. Bd2 Re8 11. O-O-O b6 12. Rde1 Bb7 13. g3 Bd6 14. h4 e5 15.
Nxd6 cxd6 16. Bxf5 g6 17. Bxg6 fxg6 18. Qxg6+ Kh8 19. Qxh6+ Kg8 20. Ng5 Qe7 21.
Qg6+ Qg7 22. Qxg7+ Kxg7 23. Rh2 d5 24. h5 Re7 25. h6+ Kg6 26. h7 Rh8 27. Reh1
exd4 28. Rh6+ Kg7 29. Ne6+ Rxe6 30. Rxe6 Rxh7 31. Rxh7+ Kxh7 32. f4 Kg8 33. f5
Kf7 34. g4 d3 35. g5 Ne7 36. g6+ Kf8 37. Bh6+ Ke8 38. g7 Kd7 39. Rxe7+ Kxe7 40.
g8=Q Bc6 41. Qe6+ {Black resigns} 1-0

[Event "Team 45 45 League T25"]
[Site "Internet Chess Club"]
[Date "2005.01.22"]
[Round "5"]
[White "slakkjaw"]
[Black "Ernesto-R"]
[Result "1-0"]
[WhiteElo "1266"]
[BlackElo "1216"]
[TimeControl "2700+45"]

1. d4 Nf6 2. c4 d6 3. Nc3 b6 4. Bf4 Nbd7 5. Nf3 c5 6. e3 Bb7 7. h3 d5 8. Bd3 e6
9. Qc2 Ne4 10. O-O-O Ndf6 11. Bxe4 Nxe4 12. dxc5 Bxc5 13. Nxe4 Qe7 14. Qa4+ Qd7
15. Qxd7+ Kxd7 16. Ne5+ Ke7 17. Nxc5 bxc5 18. b3 a5 19. Rd3 a4 20. f3 axb3 21.
Rxb3 Ra7 22. Kb2 f6 23. Ng4 Rha8 24. Ra1 dxc4 25. Rb6 e5 26. Bg3 Ba6 27. Kc3 Rd7
28. Nf2 Rb7 29. Rxb7+ Bxb7 30. Kxc4 Rc8 31. Ne4 Ba6+ 32. Kc3 c4 33. a4 Ke6 34.
Rb1 Rc6 35. a5 f5 36. Ng5+ Kd5 37. Rb6 h6 38. Rxc6 Kxc6 39. Ne6 g5 40. Bxe5 Kd5
41. Nc7+ Kxe5 42. Nxa6 Kd5 43. Nc7+ Kc5 44. a6 Kb6 45. Nd5+ Kxa6 46. Kxc4 Kb7
47. Kd4 Kc6 48. Ne7+ Kd6 49. Nxf5+ {Black resigns} 1-0

[Event "Team 45 45 League T25"]
[Site "Internet Chess Club"]
[Date "2005.01.16"]
[Round "5"]
[White "SilverKnight"]
[Black "bubbarook"]
[Result "0-1"]
[WhiteElo "1267"]
[BlackElo "1331"]
[TimeControl "2700+45"]

1. e4 d5 2. exd5 Nf6 3. d4 c6 4. dxc6 Nxc6 5. Nf3 a6 6. a4 Bg4 7. Be2 Qb6 8. O-O
O-O-O 9. c3 e5 10. Qc2 exd4 11. h3 d3 12. Bxd3 Bxf3 13. Bf5+ Kb8 14. gxf3 Bd6
15. Be3 Qc7 16. Na3 Bf4 17. Bxf4 Qxf4 18. Rad1 Qxf3 19. Nc4 g6 20. Nd2 Qh5
{White resigns} 0-1

[Event "Team 45 45 League T25"]
[Site "Internet Chess Club"]
[Date "2005.01.16"]
[Round "5"]
[White "houseofcook"]
[Black "fuzzface"]
[Result "0-1"]
[WhiteElo "1338"]
[BlackElo "1321"]
[TimeControl "2700+45"]

1. Nf3 Nc6 2. g3 e5 3. e4 Nf6 4. d3 h6 5. Bg2 Bc5 6. O-O O-O 7. Nbd2 d6 8. h3
Be6 9. c3 Qd7 10. b4 Bb6 11. a4 a6 12. Ba3 Bxh3 13. Nb3 Nh5 14. Ne1 Nxg3 15.
Bxh3 Qxh3 16. Qf3 Qxf1+ 17. Kh2 Qxf2+ 18. Qxf2 Bxf2 19. Kg2 Bxe1 20. Rxe1 Nh5
21. Kf3 f5 22. Ke2 fxe4 23. dxe4 Nf4+ 24. Kd2 b5 25. a5 g5 26. Kc2 Rf7 27. Bc1
Raf8 28. Rh1 Kg7 29. Be3 Ng2 30. Bd2 Rf1 31. Rh3 R8f2 32. Kd3 Nf4+ {White
resigns} 0-1

[Event "Team 45 45 League T25"]
[Site "Internet Chess Club"]
[Date "2005.01.17"]
[Round "5"]
[White "klt713"]
[Black "EyeAm"]
[Result "1/2-1/2"]
[WhiteElo "1245"]
[BlackElo "1233"]
[TimeControl "2700+45"]

1. d4 f5 2. e3 Nf6 3. Bd3 e6 4. Nf3 b6 5. Nc3 Bb4 6. a3 Bxc3+ 7. bxc3 Bb7 8. a4
a5 9. c4 d6 10. O-O O-O 11. c3 Ne4 12. Qc2 c5 13. Ba3 Nd7 14. Rfe1 Ndf6 15. h3
Qc7 16. Nd2 Nxd2 17. Qxd2 Ne4 18. Qc2 Qf7 19. Rab1 Ra6 20. Rb2 Rb8 21. Qb3 Qg6
22. f3 Ng5 23. Kh2 Bxf3 24. Rf1 Be4 25. Be2 Bxg2 26. Rf2 Be4 27. dxc5 Qh6 28.
Bf1 Nf3+ 29. Rxf3 Bxf3 30. cxd6 Qxe3 31. c5 Qe5+ 32. Kg1 Qg3+ 33. Bg2 Qe1+ 34.
Kh2 Qe5+ 35. Kg1 Qe1+ 36. Kh2 Qe5+ 37. Kg1 Qe1+ 38. Kh2 Qe5+ 39. Kg1 Qe1+ 40.
Kh2 Qe5+ 41. Kg1 Qe1+ 42. Kh2 Qe5+ 43. Kg1 Qe1+ 44. Kh2 {Game drawn by
repetition} 1/2-1/2

[Event "Team 45 45 League T25"]
[Site "Internet Chess Club"]
[Date "2005.01.17"]
[Round "5"]
[White "BosqueVerde"]
[Black "ffplayer"]
[Result "1-0"]
[WhiteElo "1125"]
[BlackElo "1025"]
[TimeControl "2700+45"]

1. d4 d5 2. c4 e6 3. Nc3 Nf6 4. Nf3 Be7 5. e3 O-O 6. Bd3 h6 7. O-O dxc4 8. Bxc4
c5 9. d5 exd5 10. Bxd5 Nxd5 11. Nxd5 Bg4 12. e4 Bxf3 13. Qxf3 Nd7 14. Bf4 Nf6
15. Rfd1 Nxd5 16. Rxd5 Qb6 17. b3 Rad8 18. h3 Rxd5 19. exd5 Bf6 20. Rd1 Bd4 21.
Qg3 Qg6 22. Bc7 Qxg3 23. Bxg3 Rd8 24. b4 b6 25. bxc5 bxc5 26. Bf4 Rxd5 27. Be3
Kf8 28. Kf1 f5 29. f4 Kf7 30. Ke2 Kf6 31. g4 g5 32. Kf3 fxg4+ 33. hxg4 gxf4 34.
Bxf4 Kg6 35. Rh1 Bg7 36. Re1 Rd3+ 37. Ke4 c4 38. Rg1 Ra3 39. g5 h5 40. Rd1 Ra6
41. a4 Re6+ 42. Kd5 Kf5 43. Rf1 c3 44. Be5+ Kxg5 45. Bxg7 Re3 46. Bd4 Rg3 47.
Bxa7 c2 48. Bb8 Rc3 49. Bf4+ Kg4 50. a5 Ra3 51. Bc7 Ra2 52. Kd4 Rb2 53. Rg1+ Kf3
54. Rf1+ Ke2 55. Rc1 Kd2 56. Bf4+ Ke2 57. Kc3 Ra2 58. Rxc2+ Rxc2+ 59. Kxc2 Kf3
60. Bc7 h4 61. a6 h3 62. a7 Kg2 63. a8=Q+ Kg1 64. Qa3 h2 65. Bxh2+ Kxh2 66. Qf3
Kg1 67. Kd2 Kh2 68. Ke2 Kg1 69. Ke3 Kh2 70. Qg4 Kh1 71. Kf2 Kh2 72. Qg2# {Black
checkmated} 1-0

[Event "Team 45 45 League T25"]
[Site "Internet Chess Club"]
[Date "2005.01.14"]
[Round "5"]
[White "Gomer"]
[Black "Lizaveta"]
[Result "0-1"]
[WhiteElo "1378"]
[BlackElo "1410"]
[TimeControl "2700+45"]

1. e4 e5 2. Nf3 Nc6 3. d4 exd4 4. Nxd4 Nf6 5. Nxc6 bxc6 6. Nc3 Bb4 7. Bd3 O-O 8.
O-O Bxc3 9. bxc3 d5 10. e5 Ng4 11. f3 Nxe5 12. f4 Nxd3 13. Qxd3 a5 14. Ba3 Re8
15. Qd4 Re4 16. Qc5 Bb7 17. Rae1 Rc4 18. Qe3 Ba6 19. Kh1 Re4 20. Qf2 Bxf1 21.
Rxe4 Bxg2+ 22. Qxg2 dxe4 23. Bb2 Qd1+ 24. Qg1 Qxc2 25. Ba1 Rb8 {White resigns}
0-1